 Dungeon Crawl Stone Soup version 0.29.1-13-g9f3cf754e1 (webtiles) character file.

Game seed: 4617344001648052917

10 Vulpanium the Chopper (level 2, -1/24 HPs)
             Began as a Human Chaos Knight on Jan 21, 2023.
             Was a Plaything of Xom.
             Slain by a jackal (2 damage)
             ... on level 1 of the Dungeon.
             The game lasted 00:01:58 (245 turns).

Vulpanium the Chopper (Human Chaos Knight)           Turns: 245, Time: 00:01:59

Health: -1/24      AC:  6    Str: 12    XL:     2   Next: 30%
Magic:  2/2        EV: 11    Int: 12    God:    Xom [..*...]
Gold:   0          SH:  0    Dex: 12    Spells: 1/1 levels left

rFire   . . .      SeeInvis .   a - +0 hand axe (chaos)
rCold   . . .      Faith    .   (no shield)
rNeg    . . .      Spirit   .   b - +2 leather armour
rPois   .          Reflect  .   (no helmet)
rElec   .          Harm     .   d - +0 cloak
rCorr   .          Rampage  .   (no gloves)
Will    .....                   (no boots)
Stlth   +.........              (no amulet)
HPRegen 0.08/turn               (no ring)
MPRegen 0.08/turn               (no ring)

@: weak-willed
A: no striking features
a: Renounce Religion


You were on level 1 of the Dungeon.
You worshipped Xom.
You were a toy of Xom.
You visited 1 branch of the dungeon, and saw 1 of its levels.

Inventory:

Hand Weapons
 a - a +0 hand axe of chaos (weapon)
Armour
 b - a +2 leather armour (worn)
 d - a +0 cloak (worn)
Miscellaneous
 c - a piece from Xom's chessboard (15/15) (quivered)


   Skills:
 + Level 3.2 Fighting
 + Level 3.3 Axes
 + Level 2.0 Armour
 + Level 1.0 Dodging


You had one spell level left.
You didn't know any spells.
Your spell library contained the following spells:

 Spells                   Type           Power      Damage    Failure   Level
 Gell's Gravitas          Tloc           0%         N/A       77%         3
 Teleport Other           Tloc           0%         N/A       77%         3
 Dispersal                Tloc           0%         N/A       100%        6


Dungeon Overview and Level Annotations

Branches:
Dungeon (1/15)

Altars:


Message History

You closely miss the jackal.
The jackal bites you but does no damage.
Something bites you but does no damage. The jackal barely misses you.
The jackal bites you but does no damage.
You closely miss the jackal.
The jackal is almost dead.
You miss something. You closely miss the jackal.
The jackal bites you but does no damage.
Something bites you but does no damage. The jackal closely misses you. x2
Something bites you. The jackal closely misses you.
You slash the jackal!
You kill the jackal!
You hit something. You burn something. You barely miss the jackal.
Something bites you. The jackal closely misses you. Something bites you.
The jackal bites you. Something bites you.
You see here a jackal corpse.
You closely miss something. You hit the jackal.
The jackal suddenly seems more agile.
The jackal misses you. Something bites you. The jackal closely misses you.
Something bites you but does no damage.
You miss something. You barely miss the jackal. The jackal closely misses you.
Something bites you but does no damage. The jackal bites you.
You hit something. You barely miss the jackal.
Something bites you but does no damage.
The jackal bites you but does no damage.
Something bites you.
* * * LOW HITPOINT WARNING * * *
You barely miss something. You barely miss the jackal.
The jackal barely misses you. Something bites you.
* * * LOW HITPOINT WARNING * * *
The jackal bites you.
* * * LOW HITPOINT WARNING * * *
As you read the scroll labelled DUERORPHAWAM, it crumbles to dust.
Magic quickly surges around you.
It was a scroll of vulnerability.
Something bites you but does no damage. The jackal barely misses you.
Something bites you.
* * * LOW HITPOINT WARNING * * *
You miss something. You barely miss the jackal. The jackal bites you.
You die...
Xom yawns loudly!

#.. ∆#.#... #.... ∆
#....# .....
##########..... ...
#............#. #
#.####.)†.....#....
###.##.......#..........
....>..#.....#........#.
#....#h...............
#..@.....#......#..#
#..{#..###..#..#...#
.................#.....
..........##.......
........... .......
.....###.... ... .....
......#.# ....# #.....


You could see a jackal (agile, weak-willed).

Vanquished Creatures
  2 endoplasms (D:1)
  A goblin (D:1)
  2 hobgoblins (D:1)
  2 jackals (D:1)
  A bat (D:1)
8 creatures vanquished.

Notes
Turn   | Place    | Note
-------+----------+-------------------------------------------
     0 | D:1      | Vulpanium the Human Chaos Knight began the quest for the
                  | Orb.
     0 | D:1      | Reached XP level 1. HP: 18/18 MP: 1/1
   120 | D:1      | XOM: divination: detect items
   127 | D:1      | Reached XP level 2. HP: 17/24 MP: 2/2
   244 | D:1      | HP: 1/24 [something (2)]
   245 | D:1      | Slain by a jackal

Illustrated notes

Levels and vault maps discovered:
D:1:      dpeg_arrival_ratfight, layout_rooms, serial_shops,
          nicolae_shop_competitors_out_of_business

Action                   || total
-------------------------++-------
Melee: Hand axe          ||    33
  Use: Scroll            ||     2
Armor: Leather armour    ||    21
Dodge: Dodged            ||    28
